 Dungeon Crawl Stone Soup version 0.31-a0-202-g547052bce9 (webtiles) character file.

Game seed: 14586477649428999314

1278 qw the Skirmisher (level 8, 0/46 HPs)
             Began as a Deep Elf Hunter on June 26, 2023.
             Was an Initiate of Okawaru.
             Succumbed to a water moccasin's poison
             ... on level 7 of the Dungeon.
             The game lasted 00:02:28 (4662 turns).

qw the Skirmisher (Deep Elf Hunter)                 Turns: 4662, Time: 00:02:29

Health: 0/46       AC: 11    Str: 10    XL:     8   Next: 29%
Magic:  8/11       EV: 12    Int: 15    God:    Okawaru [......]
Gold:   389        SH:  0    Dex: 18    Spells: 7/7 levels left

rFire   . . .        Y - +2 shortbow
rCold   . . .        (shield currently unavailable)
rNeg    . . .        m - +0 scale mail
rPois   .            i - +2 helmet
rElec   .            c - scarf {repulsion}
rCorr   +            (no gloves)
SInv    .            (no boots)
Will    .....        (no amulet)
Stlth   ++           g - ring of resist corrosion
HPRegen 0.27/turn    (no ring)
MPRegen 0.12/turn

%: repel missiles
@: lethally poisoned (0 -> -2), heroic
A: no striking features
a: Renounce Religion


You were on level 7 of the Dungeon.
You worshipped Okawaru.
Okawaru was noncommittal.
You visited 1 branch of the dungeon, and saw 7 of its levels.
You also visited: Sewer.

You collected 389 gold pieces.


   Skills:
 - Level 3.3(8.3) Fighting
 + Level 12.1(17.1) Ranged Weapons
 - Level 1.6(6.6) Armour
 - Level 3.8(8.8) Dodging
 - Level 1.2(6.2) Stealth
 + Level 2.1 Invocations


You had 7 spell levels left.
You didn't know any spells.
Your spell library was empty.

Inventory:

Hand Weapons
 Y - a +2 shortbow (weapon)
Armour
 c - a scarf of repulsion (worn)
 i - a +2 helmet (worn)
 m - a +0 scale mail (worn)
Jewellery
 g - a ring of resist corrosion (left hand)
Scrolls
 b - a scroll of identify
Potions
 a - a potion of resistance {unknown}
 e - 4 potions of curing
 f - a potion of mutation {unknown}
 j - 2 potions of cancellation
 l - a potion of invisibility {unknown}
 n - a potion of brilliance {unknown}

Dungeon Overview and Level Annotations

Branches:
Dungeon (7/15)             Temple (0/1) D:5           Sewer (visited)

Altars:
Makhleb
Okawaru
Wu Jian

Annotations:
D:2 1 runed translucent door, Crazy Yiuf


Message History

The arrow closely misses the water moccasin.
The arrow hits the orc.
The orc is severely wounded.
You feel very sick.
The orc priest miscasts a cantrip.
The water moccasin bites you but does no damage.
You shoot an arrow.
The arrow barely misses the water moccasin.
The arrow hits the orc!
You kill the orc!
Okawaru accepts your kill.
You feel sick. The water moccasin bites you.
An orc wizard comes into view. It is wielding a +0 dagger.
The orc priest hits you but does no damage.
You shoot an arrow. The arrow hits the water moccasin!
You kill the water moccasin!
Okawaru accepts your kill.
You feel sick.
The orc priest hits you but does no damage.
Your base Fighting skill increases to level 3!
You shoot an arrow.
The arrow hits the orc priest but does no damage.
You feel like a meek peon again.
You feel sick. The orc priest barely misses you.
You shoot an arrow. The arrow hits the orc priest!
The orc priest is severely wounded.
You feel sick.
The water moccasin bites you but does no damage.
The orc priest hits you with a +0 dagger.
The water moccasin bites you but does no damage.
You shoot an arrow. The arrow hits the orc priest!
You kill the orc priest!
Okawaru accepts your kill.
You can now gain great but temporary skills.
You feel sick.
The water moccasin bites you but does no damage.
4662 ||| INVOKING Heroism.
You gain the combat prowess of a mighty hero.
You can no longer gain great but temporary skills.
You die...

#..........
#.........#
#.........#
#.........
#.<..o..
#.#...... .
....).So###....
#[@.).....
###.####....
#...........
#.<...##...
#.....# #.....#
#..(..# #.....#
#.....#


You could see a water moccasin and 2 orc wizards.

Vanquished Creatures
  A water moccasin (D:7)
  2 ice beasts
  2 ogres
  A black bear (D:5)
  A kobold brigand (Sewer)
  2 bullfrogs (D:6)
  2 scorpions
  An orc priest (D:7)
  A gnoll bouda (D:4)
  A hound (D:4)
  Jessica (D:2)
  An iguana (D:4)
  2 orc wizards (D:5)
  Robin (D:3)
  10 adders
  A shadow imp (D:5)
  2 ufetubi
  2 worms
  7 orcs
  3 ball pythons
  6 endoplasms
  3 giant cockroaches
  13 hobgoblins
  4 jackals
  4 quokkas
  10 bats
  2 frilled lizards
  16 goblins
  18 kobolds
  6 rats
126 creatures vanquished.

Notes
Turn   | Place    | Note
-------+----------+-------------------------------------------
     0 | D:1      | qw the Deep Elf Hunter began the quest for the Orb.
     0 | D:1      | Reached XP level 1. HP: 12/12 MP: 3/3
     0 | D:1      | 0 ||| qw: Version: 0.3-a-22-g0ed2b0b
     0 | D:1      | 0 ||| qw: Game counter: 5756
     0 | D:1      | 0 ||| qw: Melee chars always use a shield: true
     0 | D:1      | 0 ||| qw: God list: Okawaru
     0 | D:1      | 0 ||| qw: Allow faded altars: false
     0 | D:1      | 0 ||| qw: Do Orc after clearing Dungeon:15 true
     0 | D:1      | 0 ||| qw: Do second Lair branch before Depths: true
     0 | D:1      | 0 ||| qw: Lair rune preference: random
     0 | D:1      | 0 ||| qw: Goals: Normal
     0 | D:1      | 0 ||| PLANNING D:1-11
    44 | D:1      | 44 ||| READING scroll labelled GOIMAGG LAKE.
    45 | D:1      | 45 ||| DROPPING scroll of butterflies.
    99 | D:1      | Reached skill level 6 in Ranged Weapons
    99 | D:1      | Reached XP level 2. HP: 16/16 MP: 4/4
   309 | D:1      | Found a faded altar of an unknown god.
   311 | D:1      | 311 ||| Stepping ~*~*~tactically~*~*~ (water).
   420 | D:1      | 420 ||| READING scroll labelled VEHOHE TONTO.
   421 | D:1      | 421 ||| READING 2 scrolls labelled ICWESA VU ICON.
   422 | D:1      | 422 ||| READING scroll of enchant weapon.
   422 | D:1      | 422 ||| ENCHANTING +1 shortbow.
   423 | D:1      | 423 ||| READING scroll labelled JOC QEXODDAJE.
   452 | D:2      | Noticed Jessica
   457 | D:2      | Killed Jessica
   458 | D:2      | Reached skill level 7 in Ranged Weapons
   458 | D:2      | Reached XP level 3. HP: 20/20 MP: 5/5
   463 | D:2      | Found a burning altar of Makhleb.
   712 | D:2      | Found a runed translucent door.
   713 | D:2      | Noticed Crazy Yiuf
   805 | D:2      | Reached XP level 4. HP: 25/25 MP: 6/6
  1191 | D:2      | 1191 ||| UPGRADING to amulet of guardian spirit.
  1196 | D:2      | 1196 ||| READING scroll labelled DADUTITZ ALUDD.
  1197 | D:2      | 1197 ||| READING scroll labelled FONGYM WEQ.
  1198 | D:2      | 1198 ||| DRINKING 4 fuming red potions.
  1230 | D:2      | 1230 ||| DRINKING 2 lumpy yellow potions.
  1231 | D:2      | 1231 ||| DROPPING 3 potions of lignification.
  1273 | D:3      | 1273 ||| PLANNING SEWER
  1405 | D:3      | Reached skill level 8 in Ranged Weapons
  1581 | D:3      | Noticed Robin
  1597 | D:3      | Killed Robin
  1700 | D:3      | Reached XP level 5. HP: 29/29 MP: 7/7
  1700 | D:3      | Noticed an ice beast
  1708 | D:3      | Killed an ice beast
  1709 | D:3      | Reached skill level 9 in Ranged Weapons
  1970 | D:3      | Found a glowing drain.
  1971 | D:3      | 1971 ||| UPGRADING to +0 helmet.
  1976 | D:3      | 1976 ||| UPGRADING to ring of resist corrosion.
  1977 | D:3      | 1977 ||| READING scroll labelled TOF YFITADA.
  2031 | Sewer    | Entered a sewer
  2259 | Sewer    | Reached skill level 3 in Dodging
  2280 | Sewer    | HP: 7/29 [kobold brigand/+0 short sword (7)]
  2282 | Sewer    | Reached XP level 6. HP: 6/36 MP: 1/8
  2286 | Sewer    | HP: 5/36 [kobold/+0 dagger (1)]
  2422 | Sewer    | 2422 ||| UPGRADING to +2 helmet.
  2432 | Sewer    | 2432 ||| DROPPING +0 helmet.
  2433 | Sewer    | 2433 ||| DRINKING 2 fuming blue potions.
  2448 | D:3      | 2448 ||| PLANNING D:1-11
  2917 | D:4      | Reached skill level 10 in Ranged Weapons
  3183 | D:4      | 3183 ||| UPGRADING to +0 scale mail.
  3193 | D:4      | 3193 ||| DROPPING +0 leather armour.
  3194 | D:4      | 3194 ||| READING scroll labelled KISHEO PUOZAOCK.
  3195 | D:4      | 3195 ||| READING scroll labelled HYEVVE TYOLEZ.
  3200 | D:4      | 3200 ||| READING 2 scrolls of identify.
  3200 | D:4      | 3200 ||| IDENTIFYING lumpy green potion
  3201 | D:4      | 3201 ||| DROPPING potion of magic.
  3208 | D:5      | Entered Level 5 of the Dungeon
  3224 | D:5      | Found an iron altar of Okawaru.
  3225 | D:5      | 3225 ||| PLANNING OKAWARU WORSHIP
  3230 | D:5      | Became a worshipper of Warmaster Okawaru
  3231 | D:5      | 3231 ||| PLANNING D:1-11
  3231 | D:5      | 3231 ||| REMOVING amulet of guardian spirit.
  3255 | D:5      | Reached skill level 1 in Armour
  3255 | D:5      | Reached XP level 7. HP: 34/40 MP: 9/9
  3317 | D:5      | Found an ornate altar of the Wu Jian Council.
  3625 | D:5      | Found a staircase to the Ecumenical Temple.
  3638 | D:5      | Reached skill level 11 in Ranged Weapons
  4003 | D:5      | 4003 ||| DROPPING amulet of guardian spirit.
  4004 | D:5      | 4004 ||| READING scroll labelled BOKLOZELLO.
  4065 | D:6      | Reached * piety under Okawaru
  4209 | D:6      | Reached skill level 12 in Ranged Weapons
  4209 | D:6      | Reached skill level 1 in Invocations
  4209 | D:6      | Reached XP level 8. HP: 45/45 MP: 9/11
  4357 | D:6      | 4357 ||| INVOKING Heroism.
  4595 | D:6      | 4595 ||| UPGRADING to scarf of repulsion.
  4600 | D:6      | 4600 ||| DRINKING 3 murky orange potions.
  4647 | D:7      | 4647 ||| INVOKING Heroism.
  4653 | D:7      | HP: 8/45 [water moccasin (7)]
  4654 | D:7      | 4654 ||| DRINKING potion of heal wounds.
  4658 | D:7      | HP: 5/45 [poisoned by a water moccasin]
  4659 | D:7      | Reached skill level 3 in Fighting
  4660 | D:7      | HP: 2/46 [orc priest/+0 dagger (1)]
  4662 | D:7      | 4662 ||| INVOKING Heroism.
  4662 | D:7      | Succumbed to a water moccasin's poison

Levels and vault maps discovered:
D:1:      wheals_arrival_shading, layout_rooms,
          chequers_ecumenical_altar_island, due_unseen_surprise
D:2:      layout_basic, basic_altar, uniq_jessica, uniq_crazy_yiuf_cottage
D:3:      layout_loops_cross, portal_sewer_entry_d, uniq_robin
D:4:      layout_rooms, eino_small_chamber_without_monster,
          kennysheep_generic_room_7
D:5:      layout_loops_ring, mainiacjoe_overflow_catch_the_wave, temple_pool_b
D:6:      layout_cave_pools
D:7:      layout_rooms, serial_shops, shop, corexii_corridor_pit, uniq_pikel

Skill      XL: |  1  2  3  4  5  6  7  8 |
---------------+-------------------------+-----
Ranged Weapons | 6 7 8 9 10 12 | 12.1
Dodging        | 3 |  3.8
Fighting       | 2 3 |  3.3
Armour         | 1 |  1.6
Invocations    | 1 2 |  2.1
Stealth        | |  1.2

Action                     |  1- 3 |  4- 6 |  7- 9 || total
---------------------------+-------+-------+-------++-------
   Fire: Shortbow          |    85 |   174 |    98 ||   357
 Invoke: Heroism           |       |       |     3 ||     3
    Use: Scroll            |     5 |     6 |     1 ||    12
         Potion            |       |     3 |     2 ||     5
 Armour: Leather armour    |     2 |    21 |       ||    23
         Scale mail        |       |     3 |    20 ||    23
  Dodge: Dodged            |     4 |    62 |    26 ||    92

Table legend:
 A = Non-vault XP
 B = Vault XP
 C = Vault XP percentage of total XP
 D = Non-vault monster count
 E = Vault monster count
 F = Vault count percentage of total count
                 A         B        C        D         E       F
            +---------+---------+-------+---------+---------+-------
      Total |    1554 |     272 |  14.9 |      86 |      40 |  31.7
            +---------+---------+-------+---------+---------+-------
        D:1 |      31 |       0 |   0.0 |      20 |       0 |   0.0
        D:2 |      49 |      37 |  43.0 |      19 |       1 |   5.0
        D:3 |     158 |      53 |  25.1 |      11 |      14 |  56.0
        D:4 |     215 |      42 |  16.3 |      12 |       2 |  14.3
        D:5 |     437 |       0 |   0.0 |      12 |       0 |   0.0
        D:6 |     464 |       0 |   0.0 |       8 |       0 |   0.0
        D:7 |     200 |       0 |   0.0 |       4 |       0 |   0.0
      Sewer |       0 |     140 | 100.0 |       0 |      23 | 100.0
            +---------+---------+-------+---------+---------+-------
